AoeStats
← ijshoorntje

Nomad

508042407Analyzed
3v3 RM · 13d ago on Sep 20, 2026· 46m 42s· 6 players
Game mode
Random Map
Map size
210×210
Population
200
Speed
Normal
Resources
Standard
Victory
Conquest
Starting age
Dark Age
Ending age
Imperial Age
RankedLock teamsTeams togetherTeam positionsShared explorationLock speedFull tech treeHidden civsTurbo modeCheats
Victory
Defeat
1301
+11
🇪🇸 Georgians · Spain
1291
+11
🇲🇽 Byzantines · Mexico
1182
+17
🇳🇱 Celts · Netherlands
1210
-14
🇳🇱 Spanish · Netherlands
1184
-13
🇳🇱 Japanese · Netherlands
1163
-12
Kees Harakir!
4:36 Loom
15:20 Feudal Age
16:36 Double-Bit Axe
18:05 Fishing Lines
20:53 Castle Age
19:41 Stone Mining
21:51 Wheelbarrow
21:56 Medium Warships
22:29 Forging
22:20 Scale Mail Armor
23:09 Bow Saw
27:14 Fletching
28:00 Iron Casting
40:00 Elite Skirmisher
Victor
3:37 Loom
15:24 Feudal Age
20:03 Castle Age
20:34 Double-Bit Axe
22:23 Medium Warships
31:39 Padded Archer Armor
31:26 Horse Collar
41:14 Imperial Age
39:19 Wheelbarrow
41:08 Town Watch
41:39 Hand Cart
41:14 Elite Conquistador
42:52 Heavy Warships
46:13 Conscription
ijshoorntje
4:25 Loom
13:46 Feudal Age
14:02 Man-at-Arms
16:46 Double-Bit Axe
22:39 Castle Age
22:39 Arson
22:55 Long Swordsman
25:15 Forging
32:35 Wheelbarrow
35:10 Yasama
37:15 Guard Tower
38:25 Fletching
41:01 Hand Cart
41:45 Ballistics
47:24 Imperial Age
| ArCas | Cristiano Onagro
5:58 Loom
14:27 Feudal Age
20:52 Castle Age
20:56 Double-Bit Axe
22:50 Gold Mining
25:21 Forging
26:38 Horse Collar
31:29 Iron Casting
31:15 Town Watch
32:09 Wheelbarrow
32:02 Arson
32:18 Squires
32:45 Heavy Plow
32:59 Bow Saw
34:33 Hand Cart
36:11 Stone Mining
37:49 Scale Mail Armor
38:31 Gold Shaft Mining
42:01 Imperial Age
41:00 Tigui
42:25 Bloodlines
42:15 Husbandry
42:28 Scale Barding Armor
42:15 Fletching
42:40 Cavalier
44:59 Crop Rotation
44:59 Conscription
45:59 Farimba
47:26 Chain Barding Armor
| ArCas | Agi_alex
4:29 Loom
13:31 Feudal Age
18:08 Fletching
21:30 Castle Age
20:08 Wheelbarrow
19:31 Double-Bit Axe
19:41 Gold Mining
20:46 Stone Mining
22:45 Bodkin Arrow
24:06 Bow Saw
29:33 Fishing Lines
30:04 Town Watch
30:35 Hand Cart
31:50 Medium Warships
35:34 Imperial Age
36:45 Town Patrol
37:35 Heavy Warships
38:36 Conscription
40:02 Svan Towers
39:58 Guard Tower
40:29 Ballistics
42:16 Chemistry
41:14 Murder Holes
41:29 Masonry
42:15 Bracer
42:22 Scale Barding Armor
42:08 Horse Collar
43:27 Elite Monaspa
44:46 Hoardings
44:53 Architecture
45:39 Chain Barding Armor
45:30 Forging
MZTK | BALLON BOY
4:38 Loom
15:31 Feudal Age
19:32 Castle Age
17:44 Fletching
21:05 Medium Warships
35:08 Ballistics
36:52 Double-Bit Axe
36:54 Horse Collar
38:51 Bodkin Arrow
40:09 Crossbowman
45:18 Imperial Age
43:24 Wheelbarrow
44:35 Thumb Ring
44:55 Padded Archer Armor
45:00 Squires
44:48 Arson
45:34 Scale Mail Armor
45:45 Forging
45:32 Arbalester
46:34 Pikeman
Connection lost

Rejoining the realm…

Still unreachable

The connection could not be restored.

Session expired

The server has moved on; the page needs a fresh start.